[Event "Live Chess"]
[Site "Chess.com"]
[Date "2023.05.21"]
[Round "-"]
[White "chessfiction"]
[Black "BostonStrangler"]
[Result "1/2-1/2"]
[WhiteElo "2336"]
[BlackElo "2076"]
[TimeControl "300"]
[EndTime "20:29:20 PDT"]
[Termination "Game drawn by agreement"]

1. e4 c5 2. d4 cxd4 3. c3 g6 4.
Nf3 Bg7 5. Bc4 Nc6 6. O-O e6 7. cxd4 d5 8. exd5 exd5 9. Re1+ Nge7 10. Bb5 O-O 11. Bg5 f6 12. Bf4 Qb6 13. Nc3 a6 14. Ba4 Qxb2 15. Re3 Nf5 16. Nxd5 Nxe3 17. fxe3 b5 18.
Bb3 Kh8 19. Bd6 Bf5 20. Bxf8 Rxf8 21. Qc1 Qxc1+ 22. Rxc1 Na5 23. Rc7 Nxb3 24. axb3 Be4 25. Nf4 Bh6 26. Re7 Bxf3 27. gxf3 Bxf4 28. exf4 Rd8 29.
Re6 Rxd4 30. Rxf6 a5 31. Ra6 a4 32. bxa4 bxa4 33. Kf2 Rxf4 34. Ra7 Rb4 35. Kg3 h6 36. h4 h5 37. Kh3 Kg8 38. Kg3 Kf8 39. Kh3 Ke8 40. Kg3 Kd8 41. Ra6 a3 42. Rxa3 Ke7 43.
Ra6 Kf7 44. Ra7+ Kf6 45. Ra6+ Kf7 1/2-1/2

[Event "Live Chess"]
[Site "Chess.com"]
[Date "2023.05.21"]
[Round "-"]
[White "ramses-IIG"]
[Black "ViktorTheCoolBoy"]
[Result "0-1"]
[WhiteElo "870"]
[BlackElo "2501"]
[TimeControl "300"]
[EndTime "20:29:34 PDT"]
[Termination "ViktorTheCoolBoy won by resignation"]

1. e4 c5 2. d3 Nc6 3. Bd2 Nf6 4. Bc3 d5 5. Qd2 d4 6. Bxd4 cxd4 7. c3 e5 8. cxd4 Nxd4 9. Qd1 Be6 10. Qa4+ Qd7 11. Qd1 Rc8 12. b3 Bb4+ 13. Nd2 Rc2 14.
Nf3 Nxf3+ 15. Qxf3 Rxd2 16. Rd1 Rxd3+ 0-1

[Event "Live Chess"]
[Site "Chess.com"]
[Date "2023.05.21"]
[Round "-"]
[White "worldchessleaguelive"]
[Black "Long1968"]
[Result "0-1"]
[WhiteElo "1343"]
[BlackElo "1065"]
[TimeControl "300"]
[EndTime "20:29:46 PDT"]
[Termination "Long1968 won by resignation"]

1. d4 e6 2. Bf4 d5 3. Nf3 c5 4. e3 Nc6 5. Bb5 Bd7 6. Bxc6 Bxc6 7. O-O Bd6 8. Bxd6 Qxd6 9. c3 cxd4 10. cxd4 Rc8 11. Nbd2 Nf6 12. Rc1 O-O 13. Nb3 Nd7 14. Ne5 Nxe5 15. dxe5 Qxe5 16. Nd4 a6 17. Qb3 Qd6 18.
Rc3 e5 19. Nxc6 Rxc6 20. Rfc1 Rb6 21. Qa4 Rxb2 22. Rc7 Rd8 23. Qh4 f6 24. Qh5 Rf8 25.
Qg4 Qxc7 0-1

[Event "Live Chess"]
[Site "Chess.com"]
[Date "2023.05.21"]
[Round "-"]
[White "alanmike75"]
[Black "Singapourfeuj"]
[Result "0-1"]
[WhiteElo "1601"]
[BlackElo "2148"]
[TimeControl "300"]
[EndTime "20:30:26 PDT"]
[Termination "Singapourfeuj won by resignation"]

1. e4 d5 2. exd5 Nf6 3. d4 e6 4. dxe6 Bxe6 5. Nf3 Nc6 6. Be2 Bd6 7. O-O Qe7 8. c4 Bg4 9. d5 Bxf3 10. Bxf3 Ne5 11.
Be3 h5 12. Nd2 Nfg4 13. Bd4 O-O-O 14. c5 Bxc5 15. Bxe5 Qxe5 16. Bxg4+ hxg4 17. Qxg4+ Kb8 18. Nf3 Qxd5 19. Rac1 Bd6 20. Rfd1 Qxa2 21. Qxg7 Rdg8 22. Qxf7 Qxf7 0-1

[Event "Live Chess"]
[Site "Chess.com"]
[Date "2023.05.21"]
[Round "-"]
[White "VovaOvchar1990"]
[Black "grillage"]
[Result "0-1"]
[WhiteElo "1233"]
[BlackElo "1809"]
[TimeControl "300"]
[EndTime "20:30:45 PDT"]
[Termination "grillage won by resignation"]

1. e4 d5 2. exd5 Qxd5 3. Nc3 Qd8 4. Bc4 Nf6 5. Nf3 a6 6. d3 Bg4 7. h3 Bxf3 8. Qxf3 Nc6 9. O-O e6 10. Bg5 Be7 11. Rfe1 O-O 12. Qg3 Qd7 13. Bh6 Ne8 14. f4 Nd4 15. Rac1 Nf5 16. Bg5 Nxg3 0-1

[Event "Live Chess"]
[Site "Chess.com"]
[Date "2023.05.21"]
[Round "-"]
[White "Conradical12"]
[Black "matt1979"]
[Result "1-0"]
[WhiteElo "1637"]
[BlackElo "1471"]
[TimeControl "300"]
[EndTime "20:31:12 PDT"]
[Termination "Conradical12 won by resignation"]

1. e4 d6 2. Nf3 Nf6 3. Nc3 e5 4. d3 Be7 5. Be3 O-O 6. Qd2 Bg4 7.
Be2 Bxf3 8. gxf3 Nbd7 9. O-O-O c6 10. Rdg1 Ne8 11. h4 Bxh4 12. Bh6 Bf6 13. Bxg7 Nxg7 14.
Qh6 1-0

[Event "Live Chess"]
[Site "Chess.com"]
[Date "2023.05.21"]
[Round "-"]
[White "garyjc"]
[Black "manthanit"]
[Result "0-1"]
[WhiteElo "1042"]
[BlackElo "1082"]
[TimeControl "300"]
[EndTime "20:33:25 PDT"]
[Termination "manthanit won by resignation"]

1. e4 e6 2. d4 d6 3. Nf3 g6 4.
Bg5 Ne7 5. e5 dxe5 6. Nxe5 Bg7 7. Nc3 O-O 8. Bd3 a6 9. Qd2 Re8 10. Bh6 Bh8 11. O-O-O Nf5 12. Bxf5 exf5 13. Rde1 Be6 14.
Kb1 Nd7 15. h4 Nxe5 16. Rxe5 Bxe5 17. Bg5 Bf6 18. Bxf6 Qxf6 19. h5 Rad8 20. hxg6 fxg6 21. Qh6 Qg7 22. Qg5 Rxd4 23. Qe3 Rd7 24. Nd5 Rxd5 0-1

[Event "Live Chess"]
[Site "Chess.com"]
[Date "2023.05.21"]
[Round "-"]
[White "grillage"]
[Black "Conradical12"]
[Result "1-0"]
[WhiteElo "1813"]
[BlackElo "1633"]
[TimeControl "300"]
[EndTime "20:34:07 PDT"]
[Termination "grillage won by resignation"]

1. d4 d5 2. Nc3 Nf6 3. Bf4 Nc6 4. Nb5 e5 5. dxe5 Nh5 6. Bg3 Nxg3 7. hxg3 Nxe5 8. Qxd5 Qxd5 9. Nxc7+ Kd8 10. Nxd5 Bd7 11. O-O-O Rc8 12. Nf3 Nc4 13. e4 g6 14. Bxc4 Rxc4 15.
Ne5 Rxe4 16. Nxf7+ 1-0

[Event "Live Chess"]
[Site "Chess.com"]
[Date "2023.05.21"]
[Round "-"]
[White "ramses-IIG"]
[Black "smoggyrabbit"]
[Result "0-1"]
[WhiteElo "870"]
[BlackElo "1756"]
[TimeControl "300"]
[EndTime "20:34:43 PDT"]
[Termination "smoggyrabbit won by resignation"]

1. e4 e6 2. Nf3 d5 3. e5 c5 4. d4 Nc6 5. c3 Bd7 6. Bb5 Nxe5 7. Bxd7+ Nxd7 8. Qb3 Qc7 9. O-O Ngf6 10. Nbd2 Be7 11.
c4 O-O 12. cxd5 exd5 13. dxc5 Bxc5 14. Re1 Rfe8 15. Rxe8+ Rxe8 16. Qb5 a6 17. Qd3 Qb6 18. Qf1 Ng4 19. Nb3 Bxf2+ 20. Kh1 Nde5 21. Nxe5 Rxe5 22.
h3 Re1 0-1

[Event "Live Chess"]
[Site "Chess.com"]
[Date "2023.05.21"]
[Round "-"]
[White "Pablo_dmp"]
[Black "Doge_Dandolo"]
[Result "0-1"]
[WhiteElo "1852"]
[BlackElo "1915"]
[TimeControl "300"]
[EndTime "20:34:55 PDT"]
[Termination "Doge_Dandolo won by resignation"]

1. e4 c6 2. d4 d5 3. e5 Bf5 4. h4 h5 5. Bg5 Qb6 6. Bd3 Bxd3 7.
Qxd3 e6 8. Nd2 c5 9. c4 dxc4 10. Qxc4 Nd7 11. b3 Ne7 12. Be3 cxd4 13. Bxd4 Qa5 14.
Bc3 Qb6 15. Bd4 Qa5 16. Bc3 Qd8 17. Ngf3 Rc8 18. Qd3 Nc6 19. Rd1 Be7 20. g3 O-O 21.
O-O Qc7 22. Nc4 Rfd8 23. Qe4 Nf8 24. a4 b6 25. Bb2 a6 26. Qe3 Bc5 27. Qg5 g6 28.
Qh6 Nh7 29. Ng5 Nxg5 30. Qxg5 Be7 31. Qe3 Bc5 32. Qe4 b5 33. axb5 axb5 34. Nd6 Ra8 35. Qf4 Ra7 36. Rc1 Bxd6 37. exd6 Qxd6 38. Qf6 e5 39.
Qg7+ Kxg7 40. f4 Ra2 41. Rxc6 Qxc6 42. Bxe5+ Kg8 0-1

[Event "Live Chess"]
[Site "Chess.com"]
[Date "2023.05.21"]
[Round "-"]
[White "LutherSullivan"]
[Black "yarek"]
[Result "1-0"]
[WhiteElo "2206"]
[BlackElo "1883"]
[TimeControl "300"]
[EndTime "20:35:09 PDT"]
[Termination "LutherSullivan won by resignation"]

1. e4 g6 2. d4 Bg7 3. Be2 c6 4. h4 h5 5. c3 d5 6. e5 Bf5 7. Nd2 Nh6 8. Ngf3 e6 9. Ng5 Nd7 10. f3 c5 11. g4 hxg4 12. fxg4 cxd4 13. cxd4 Qb6 14. gxf5 Nxf5 15. Ndf3 Ng3 16. Rg1 Ne4 17. Qb3 Qa5+ 18. Kf1 Rc8 19. Be3 Nb6 20. Qb5+ Qxb5 21. Bxb5+ Ke7 22. Nxe4 dxe4 23. Bg5+ f6 24. exf6+ Bxf6 25. Ne5 Rh5 26. Nxg6+ Kf7 27. Be2 Rh7 28. h5 Nd5 29.
Rc1 Bxd4 30. Rxc8 1-0

[Event "Live Chess"]
[Site "Chess.com"]
[Date "2023.05.21"]
[Round "-"]
[White "matt1979"]
[Black "Fazer180"]
[Result "1-0"]
[WhiteElo "1484"]
[BlackElo "1745"]
[TimeControl "300"]
[EndTime "20:35:24 PDT"]
[Termination "matt1979 won by checkmate"]

1. f4 d5 2. e3 c5 3. Nf3 Nc6 4. Bb5 e6 5. O-O Bd6 6. b3 Nf6 7. Bb2 O-O 8. Bxc6 bxc6 9. Ne5 Qc7 10. Qe1 Ba6 11. d3 Nd7 12. Nxd7 Qxd7 13. Qg3 f6 14. Nd2 Rab8 15. Qh4 c4 16. Bc3 cxd3 17. cxd3 Bxd3 18. Rf3 e5 19. fxe5 Bxe5 20. Bxe5 fxe5 21. Rh3 Qf7 22. Nf3 e4 23. Qxh7# 1-0

[Event "Live Chess"]
[Site "Chess.com"]
[Date "2023.05.21"]
[Round "-"]
[White "mirandaasilva"]
[Black "chessfiction"]
[Result "0-1"]
[WhiteElo "1694"]
[BlackElo "2336"]
[TimeControl "300"]
[EndTime "20:36:16 PDT"]
[Termination "chessfiction won by resignation"]

1. Nf3 e5 2. Nxe5 Nc6 3. Nf3 g5 4. g3 g4 5. Ng1 h5 6. e4 Bc5 7.
c3 Qf6 8. d4 Nxd4 9. cxd4 Bxd4 10. Qc2 h4 11. Nc3 hxg3 12. fxg3 Ne7 13. Bf4 c6 14.
O-O-O d5 15. Nge2 Bb6 16. exd5 Bf5 17. Qd2 O-O-O 18. Bg2 Bh7 19. Rhf1 Nf5 20. dxc6 bxc6 21. Qd3 Rxd3 22. Rxd3 Nd4 0-1

[Event "Live Chess"]
[Site "Chess.com"]
[Date "2023.05.21"]
[Round "-"]
[White "LiamBellwood"]
[Black "KeithArkell"]
[Result "0-1"]
[WhiteElo "2006"]
[BlackElo "2571"]
[TimeControl "300"]
[EndTime "20:36:19 PDT"]
[Termination "KeithArkell won by resignation"]

1. d4 b5 2. Nf3 Bb7 3. e3 a6 4. b3 b4 5. Bb2 Nf6 6. Nbd2 e6 7. a3 a5 8. axb4 axb4 9. Rxa8 Bxa8 10. Bd3 c5 11. O-O cxd4 12. Bxd4 Nc6 13. Bb2 Be7 14. Nc4 O-O 15. Be2 d5 16. Nce5 Nxe5 17. Nxe5 Qb6 18. Bf3 Bb7 19. Bd4 Bc5 20. Bxc5 Qxc5 21. Nd3 Qc3 22. Qe1 Ba6 23. Nxb4 Qxe1 24. Rxe1 Bb5 25. c4 dxc4 26. bxc4 Bxc4 27. Nc6 Re8 28. Rc1 Bd5 29. Bxd5 Nxd5 30. Ne5 g5 31. e4 Nf4 32. Kf1 Re7 33. g3 Nh5 34. Rd1 Nf6 35. f3 h5 36.
Kf2 g4 37. Ke3 gxf3 38. Nxf3 Ra7 39. h3 Kg7 40. Rg1 Ra3+ 41. Kf4 Ra4 42. Re1 Nh7 43. h4 f6 44. Ke3 Nf8 45. Rg1 Ra3+ 46. Kf4 e5+ 0-1

[Event "Live Chess"]
[Site "Chess.com"]
[Date "2023.05.21"]
[Round "-"]
[White "manthanit"]
[Black "raminguy"]
[Result "0-1"]
[WhiteElo "1082"]
[BlackElo "1951"]
[TimeControl "300"]
[EndTime "20:36:40 PDT"]
[Termination "raminguy won by checkmate"]

1. e4 e5 2. d3 Nf6 3. Nf3 Nc6 4.
h3 d5 5. Be2 dxe4 6. dxe4 Qxd1+ 7. Bxd1 Nxe4 8. O-O Bc5 9. Re1 Bxf2+ 10. Kf1 Bxe1 11.
Kxe1 O-O 12. Nc3 Nxc3 13. bxc3 f5 14. c4 e4 15. Nh2 Ne5 16. c3 Nxc4 17. Bb3 Be6 18.
Bf4 c6 19. Rd1 Rad8 20. Rxd8 Rxd8 21. g4 fxg4 22. hxg4 b5 23. a4 a6 24. axb5 cxb5 25. Nf1 Kf7 26. Ne3 Nxe3 27. Bxe6+ Kxe6 28. Bxe3 Rd3 29. Bd4 Rxd4 30. cxd4 Kd5 31. Ke2 Kxd4 32. Kd2 b4 33. g5 e3+ 34. Ke2 b3 35. Kd1 b2 36.
Kc2 e2 37. Kxb2 e1=Q 38. Kc2 Qg3 39. Kd2 Qxg5+ 40. Ke2 h5 41. Kf2 h4 42. Kf3 h3 43. Ke2 h2 44. Kf3 h1=Q+ 45. Ke2 Qgg2# 0-1

[Event "Live Chess"]
[Site "Chess.com"]
[Date "2023.05.21"]
[Round "-"]
[White "ViktorTheCoolBoy"]
[Black "BostonStrangler"]
[Result "1-0"]
[WhiteElo "2502"]
[BlackElo "2075"]
[TimeControl "300"]
[EndTime "20:37:43 PDT"]
[Termination "ViktorTheCoolBoy won on time"]

1. d4 Nf6 2. Nf3 g6 3. Nbd2 d6 4. e4 Bg7 5. Bd3 O-O 6. O-O Nc6 7. Re1 e5 8. c3 Bg4 9. h3 Bd7 10. Nb3 b6 11. a4 h6 12. a5 Qe7 13. Qc2 Nh5 14.
Be3 exd4 15. Nfxd4 Ne5 16. Bf1 c5 17. Ne2 Bxh3 18.
gxh3 Nf3+ 19. Kg2 Qf6 20. Ng3 Nh4+ 21. Kh2 Nf3+ 22. Kh1 Nxe1 23. Rxe1 Qf3+ 24. Kh2 Be5 25. Qe2 Bxg3+ 26. fxg3 Qxg3+ 27. Kh1 Nf4 28. Qf2 Qxf2 29. Bxf2 bxa5 30. Nxa5 Rab8 31. Nc4 Rfe8 32. Bg3 g5 33. Nxd6 Re6 34. Nc4 Ra6 35. Bxf4 gxf4 36. Kg2 Rf6 37. Kf3 Kf8 38. Ra1 Rb7 39. e5 Rg6 40. Kxf4 Rg1 41. Kf3 f6 42. Kf2 Rg5 43. Bg2 Rc7 44. exf6 Rf5+ 45. Kg3 Rxf6 46. Rd1 Rg7+ 47. Kh2 Rf2 48. Rd2 Rxd2 49. Nxd2 Ke7 50. Ne4 c4 51. Bf1 Ke6 52.
Bxc4+ Ke5 53. Ng3 Rb7 54. b3 Kf4 55. Ne2+ Ke3 56. Kg3 Rg7+ 57. Kh4 a5 58. Kh5 1-0

[Event "Live Chess"]
[Site "Chess.com"]
[Date "2023.05.21"]
[Round "-"]
[White "worldchessleaguelive"]
[Black "Singapourfeuj"]
[Result "0-1"]
[WhiteElo "1343"]
[BlackElo "2148"]
[TimeControl "300"]
[EndTime "20:37:59 PDT"]
[Termination "Singapourfeuj won by resignation"]

1. d4 Nf6 2. Bf4 g6 3. Nf3 Bg7 4. e3 O-O 5. Be2 d6 6. O-O Nh5 7. Bg3 Nxg3 8. hxg3 e5 9. c3 Nc6 10. Nbd2 Bd7 11. Bb5 a6 12. Bxc6 Bxc6 13. dxe5 dxe5 14. Re1 Qe7 15. e4 Rad8 16. Qc2 Bh6 17. Rad1 Rd7 18. Nb3 Rfd8 19. Rxd7 Rxd7 20. Rd1 f6 21. Rxd7 Bxd7 22. Kf1 Be6 23. Ke2 Bc4+ 24. Ke1 Qd6 25. Nfd2 Be6 26. f3 b6 27. Nc1 a5 28. Nd3 c5 29. c4 Qd4 30. Kf1 Qe3 31. Nb3 a4 32.
Nbc1 Qd2 33. Qxd2 Bxd2 34. b3 a3 35. Ke2 Bc3 36. f4 Kf7 37. fxe5 Bg4+ 38. Ke3 fxe5 39. Ne2 Ba1 40. Ng1 Bd1 41. Nf3 Bd4+ 42. Kd2 Bxb3 43. Ndxe5+ Ke6 44. Nc6 Bb2 45. Ne1 Bxc4 46. Nc2 Bxa2 47.
Nd8+ Kd7 48. Nb7 Kc7 49. e5 Kxb7 50. e6 Bxe6 51. Ne3 a2 52. Kc2 a1=Q 53. Kd3 Bf5+ 54. Nxf5 gxf5 0-1

[Event "Live Chess"]
[Site "Chess.com"]
[Date "2023.05.21"]
[Round "-"]
[White "alanmike75"]
[Black "Long1968"]
[Result "1-0"]
[WhiteElo "1602"]
[BlackElo "1063"]
[TimeControl "300"]
[EndTime "20:38:22 PDT"]
[Termination "alanmike75 won on time"]

1. e4 e6 2. d4 d5 3. e5 c5 4. c3 Nc6 5. Nf3 cxd4 6. cxd4 Qb6 7. Be2 Bb4+ 8. Kf1 Nge7 9. a3 Nxd4 10. Nxd4 Bc5 11. Be3 Nc6 12. Nxc6 Bxe3 13. fxe3 bxc6 14.
b4 Qxe3 15. Qc2 Bd7 16. Qc3 Qf4+ 17. Bf3 O-O 18. Nd2 f6 19. Re1 d4 20. Qd3 fxe5 21. Re4 Qf5 22. Qe2 g5 23. Rxe5 d3 24. Qe4 Qf6 25. g4 c5 26. Rxc5 Qa1+ 27. Kg2 1-0

[Event "Live Chess"]
[Site "Chess.com"]
[Date "2023.05.21"]
[Round "-"]
[White "Biranidun"]
[Black "Tushinskiy"]
[Result "1-0"]
[WhiteElo "2524"]
[BlackElo "2213"]
[TimeControl "300"]
[EndTime "20:39:06 PDT"]
[Termination "Biranidun won by checkmate"]

1. e4 e5 2. Nf3 d6 3. d4 Bg4 4. dxe5 Nd7 5. h3 Bh5 6. exd6 Bxd6 7. Bd3 Qe7 8. O-O O-O-O 9. Be3 Ngf6 10. Nbd2 h6 11. Re1 Ne5 12. Be2 g5 13. Nd4 Bg6 14.
c3 g4 15. hxg4 h5 16. g5 Nfg4 17. Bf4 Bc5 18. Qa4 Kb8 19. N2b3 Bb6 20. Rad1 f6 21. Qa3 Qf7 22. f3 fxg5 23. Bxg5 Rdg8 24. fxg4 Bxe4 25.
Qe7 Qg6 26. Qxe5 hxg4 27. Bxg4 Bc2 28. Rd2 Bxb3 29. axb3 Qh7 30. Bh3 a6 31. b4 Qh5 32.
Bf6 Qxh3 33. Bxh8 Qh6 34. Rde2 Rxh8 35. Qxh8+ Qxh8 36. Re8+ Qxe8 37. Rxe8+ Ka7 38. g4 a5 39. bxa5 Bxa5 40. g5 c5 41. g6 cxd4 42. g7 Bb6 43.
g8=Q dxc3+ 44. Kg2 Bc5 45. bxc3 Kb6 46. Qd5 Kb5 47.
c4+ Kb4 48. Rb8 b6 49. Rb7 Kc3 50. Kf3 Kb4 51. Ke4 Kc3 52. Qd3+ Kb4 53. Kd5 Bg1 54.
Qb1+ Kc3 55. Qxg1 b5 56. cxb5 Kb4 57. b6 Kb5 58. Rc7 Ka6 59. b7 Ka5 60. b8=Q Ka4 61. Qa1# 1-0

[Event "Live Chess"]
[Site "Chess.com"]
[Date "2023.05.21"]
[Round "-"]
[White "ramses-IIG"]
[Black "yarek"]
[Result "0-1"]
[WhiteElo "870"]
[BlackElo "1883"]
[TimeControl "300"]
[EndTime "20:39:37 PDT"]
[Termination "yarek won by resignation"]

1. e4 g6 2. Nf3 Bg7 3. Bc4 c6 4. Ng5 d5 5. exd5 cxd5 6. Bb3 e5 7. d3 Nf6 8. Nf3 Bg4 9. h3 Bxf3 10. Qxf3 O-O 11.
Bg5 Nc6 12. Bxf6 Bxf6 13. Bxd5 Nd4 14. Bxf7+ Rxf7 15. Qd1 Rc8 16. c3 Nf5 17. g4 Nh4 18. Qc1 Ng2+ 19. Kf1 Nf4 20. Nd2 Bh4 21. Nf3 Nxd3 22.
Qh6 Rxf3 23. Qxh4 Qxh4 0-1

[Event "Live Chess"]
[Site "Chess.com"]
[Date "2023.05.21"]
[Round "-"]
[White "garyjc"]
[Black "Conradical12"]
[Result "0-1"]
[WhiteElo "1041"]
[BlackElo "1634"]
[TimeControl "300"]
[EndTime "20:41:41 PDT"]
[Termination "Conradical12 won by resignation"]

1. e4 e5 2. Nf3 Nc6 3. d4 Nf6 4.
d5 Ne7 5. Nxe5 d6 6. Nf3 Nxe4 7. Qe2 Nf6 8. Nc3 g6 9. Ne4 Nfxd5 10. Be3 Bg7 11.
g3 O-O 12. c3 Nf5 13. Bg2 Re8 14. Bg5 f6 15. Bd2 Qe7 16. O-O-O c6 17. Qd3 Qxe4 18. Qxe4 Rxe4 19. Nd4 Re8 20. Nxf5 Bxf5 21. Bxd5+ cxd5 22. Bf4 Re2 23. Bxd6 Rc2+ 24. Kb1 Rd8 25. Bf4 Rxf2+ 26.
Ka1 Re8 27. Rxd5 Be4 28. Rd6 Bxh1 0-1

[Event "Live Chess"]
[Site "Chess.com"]
[Date "2023.05.21"]
[Round "-"]
[White "manthanit"]
[Black "LiamBellwood"]
[Result "0-1"]
[WhiteElo "1082"]
[BlackElo "2006"]
[TimeControl "300"]
[EndTime "20:42:16 PDT"]
[Termination "LiamBellwood won by resignation"]

1. e4 e6 2. Nf3 d5 3. exd5 exd5 4. d4 Bd6 5. Nc3 Ne7 6. h3 c6 7. Bd3 O-O 8. O-O Bf5 9. Bxf5 Nxf5 10. Bg5 f6 11.
Bh4 Nxh4 12. Nxh4 Na6 13. Nf3 Nc7 14. a3 Qd7 15. Re1 Rfe8 16. Qd2 Ne6 17. Ne2 Qc7 18.
b4 a5 19. bxa5 Qxa5 20. Qxa5 Rxa5 21. Ng3 Bxg3 22. fxg3 Kf7 23. Re3 Ng5 24. Nxg5+ fxg5 25. Kf2 Rxe3 26. Kxe3 Ra4 27. c3 Kf6 28. g4 b5 29. Kd3 Ra7 30. Rf1+ Kg6 31. Ra1 h5 32. gxh5+ Kxh5 33. Ke3 g4 34. hxg4+ Kxg4 35. Kf2 Ra4 36. Ra2 Rc4 37. Rc2 Ra4 38. Ra2 Kf4 39. g3+ Ke4 40.
Ke2 g5 41. Kd2 Kf3 42. Ke1 Kxg3 43. Kf1 Kf4 44. Kf2 Ke4 45. Ke2 g4 46. Kf2 Kd3 47. Kg3 Kxc3 48. Kxg4 b4 49. Ra1 Rxa3 50. Rc1+ Kxd4 51. Rxc6 b3 52. Kf3 b2+ 53. Ke2 b1=Q 0-1

[Event "Live Chess"]
[Site "Chess.com"]
[Date "2023.05.21"]
[Round "-"]
[White "ramses-IIG"]
[Black "Biranidun"]
[Result "0-1"]
[WhiteElo "870"]
[BlackElo "2524"]
[TimeControl "300"]
[EndTime "20:42:27 PDT"]
[Termination "Biranidun won by checkmate"]

1. e4 c5 2. Nf3 d6 3. Bc4 Nf6 4.
d3 Nc6 5. Ng5 e6 6. c3 Be7 7.
O-O O-O 8. Nf3 d5 9. exd5 exd5 10.
Bb3 Bg4 11. Bg5 h6 12. Bxf6 Bxf6 13. h3 Bh5 14. Nbd2 Re8 15. Re1 Qd6 16. Rxe8+ Rxe8 17. Ba4 a6 18. Bxc6 Qxc6 19. Qb3 b5 20. Re1 Rxe1+ 21. Nxe1 Qe6 22. Nef3 Qe2 23. Nf1 Bxf3 24. gxf3 Qxd3 25. f4 c4 26. Qb4 Qxh3 27. Qd6 Qg4+ 28.
Ng3 h5 29. Kf1 h4 30. Ne2 h3 31. Ng3 Qd1# 0-1

[Event "Live Chess"]
[Site "Chess.com"]
[Date "2023.05.21"]
[Round "-"]
[White "Doge_Dandolo"]
[Black "alanmike75"]
[Result "1-0"]
[WhiteElo "1917"]
[BlackElo "1600"]
[TimeControl "300"]
[EndTime "20:42:28 PDT"]
[Termination "Doge_Dandolo won by resignation"]

1. Nf3 d5 2. c4 e6 3. g3 Nf6 4. Bg2 Be7 5. O-O O-O 6. d4 dxc4 7. Qc2 c5 8. Qxc4 cxd4 9. Nxd4 Nd5 10. Nc3 Nxc3 11. Qxc3 Nc6 12. Nxc6 bxc6 13. Bxc6 Rb8 14. Bf4 Rb6 15. Bf3 Bb4 16. Qc2 Bd6 17. Rfd1 Qc7 18.
Qxc7 1-0

[Event "Live Chess"]
[Site "Chess.com"]
[Date "2023.05.21"]
[Round "-"]
[White "ViktorTheCoolBoy"]
[Black "raminguy"]
[Result "1-0"]
[WhiteElo "2503"]
[BlackElo "1950"]
[TimeControl "300"]
[EndTime "20:43:07 PDT"]
[Termination "ViktorTheCoolBoy won by resignation"]

1. e4 e5 2. Nf3 Nc6 3. Bc4 Bc5 4. O-O Nf6 5. d3 O-O 6. c3 h6 7. b4 Be7 8. a4 a6 9. h3 d6 10. Be3 d5 11. exd5 Nxd5 12. Bd2 Be6 13. Re1 Bf6 14. Qc2 Re8 15. Bc1 Nb6 16. Bxe6 Rxe6 17. Nbd2 Nd5 18.
Ne4 Be7 19. Ng3 Bf8 20. Bd2 f6 21. b5 axb5 22. axb5 Rxa1 23. Rxa1 Nce7 24. Qb3 Kh8 25. c4 Nf4 26. d4 Rd6 27. d5 b6 28. Ne4 Rd7 29.
Bxf4 exf4 30. Nd4 Ng6 31. Ne6 Qe7 32. Ra8 Kh7 33. Qd3 Qxe6 34. dxe6 Rxd3 35. Rxf8 Rd1+ 36. Kh2 Re1 37. f3 Rc1 38. Rf7 f5 39. Nf6+ Kh8 40. e7 Nxe7 41. Rf8+ 1-0

[Event "Live Chess"]
[Site "Chess.com"]
[Date "2023.05.21"]
[Round "-"]
[White "smoggyrabbit"]
[Black "LutherSullivan"]
[Result "0-1"]
[WhiteElo "1755"]
[BlackElo "2207"]
[TimeControl "300"]
[EndTime "20:44:11 PDT"]
[Termination "LutherSullivan won by resignation"]

1. d4 Nf6 2. Nf3 g6 3. e3 Bg7 4.
Be2 O-O 5. O-O d5 6. b4 a5 7. b5 c5 8. bxc6 bxc6 9. Nbd2 c5 10. dxc5 Qc7 11. Bb2 Qxc5 12. Nb3 Qc7 13. Rb1 Nc6 14. Bxf6 Bxf6 15. Qxd5 Be6 16. Qd2 Rfd8 17. Qc1 Nb4 18.
Bd3 Nxa2 19. Qe1 Nc3 20. Rc1 a4 21. Nbd4 a3 22. Ra1 a2 23. Nxe6 fxe6 24. Nd4 Rdc8 25.
Nxe6 Qd6 26. Nd4 e5 27. Nb5 Nxb5 28. Bxb5 e4 29. Qe2 Bxa1 30. Bc4+ Kg7 31. Rxa1 Qe5 32. Qe1 Rxc4 0-1

[Event "Live Chess"]
[Site "Chess.com"]
[Date "2023.05.21"]
[Round "-"]
[White "Doge_Dandolo"]
[Black "ramses-IIG"]
[Result "1-0"]
[WhiteElo "1917"]
[BlackElo "870"]
[TimeControl "300"]
[EndTime "20:44:20 PDT"]
[Termination "Doge_Dandolo won by resignation"]

1. Nf3 d5 2. c4 Bg4 3. Qb3 Bxf3 4.
gxf3 dxc4 5. Qxb7 Nd7 6. Na3 Ne5 7. Qe4 f6 8. f4 Ng4 9. Bh3 N4h6 10. Be6 Rb8 11.
Qc6+ 1-0

[Event "Live Chess"]
[Site "Chess.com"]
[Date "2023.05.21"]
[Round "-"]
[White "Pablo_dmp"]
[Black "KeithArkell"]
[Result "0-1"]
[WhiteElo "1852"]
[BlackElo "2571"]
[TimeControl "300"]
[EndTime "20:44:54 PDT"]
[Termination "KeithArkell won on time"]

1. e4 d5 2. Nc3 dxe4 3. Nxe4 Nd7 4. Nf3 Ngf6 5. Nxf6+ Nxf6 6. Bc4 Bf5 7. d3 e6 8.
O-O Bd6 9. Re1 O-O 10. Bg5 h6 11. Bh4 Bg4 12. Qe2 Be7 13. h3 Bxf3 14. Qxf3 c6 15. a4 Re8 16. Bxf6 Bxf6 17. c3 a5 18. Re4 Rb8 19. d4 b5 20. axb5 cxb5 21. Bd3 b4 22. Rg4 bxc3 23. bxc3 Rb3 24. Qe4 Rxc3 25. Bb5 Re7 26.
Bd3 Ra7 27. Rf4 g6 28. g3 Bg7 29. Kg2 a4 30. Rb1 a3 31. Ra1 Qa8 32. Ra2 Qxe4+ 33. Bxe4 g5 34. Rf3 Rxf3 35. Kxf3 Bxd4 36. Bd3 Bb2 37. h4 f5 38. hxg5 hxg5 39. g4 Ra5 0-1

[Event "Live Chess"]
[Site "Chess.com"]
[Date "2023.05.21"]
[Round "-"]
[White "Biranidun"]
[Black "garyjc"]
[Result "1-0"]
[WhiteElo "2524"]
[BlackElo "1041"]
[TimeControl "300"]
[EndTime "20:45:12 PDT"]
[Termination "Biranidun won by checkmate"]

1. e4 c5 2. Nf3 d6 3. d4 cxd4 4. Nxd4 Nc6 5. Nc3 g6 6. Be3 Bg7 7. Qd2 Nxd4 8. Bxd4 Nf6 9. O-O-O O-O 10. h4 Bd7 11. h5 b5 12. f3 b4 13. Nd5 Nxd5 14.
Bxg7 Kxg7 15. exd5 Rb8 16. hxg6 fxg6 17. Qh6+ Kg8 18.
Qxh7# 1-0

[Event "Live Chess"]
[Site "Chess.com"]
[Date "2023.05.21"]
[Round "-"]
[White "chessfiction"]
[Black "Fazer180"]
[Result "1-0"]
[WhiteElo "2337"]
[BlackElo "1744"]
[TimeControl "300"]
[EndTime "20:45:19 PDT"]
[Termination "chessfiction won on time"]

1. e4 e6 2. d4 d5 3. Nc3 Bb4 4. e5 c5 5. Qg4 Bxc3+ 6. bxc3 Kf8 7. Nf3 Ne7 8. Bg5 Nbc6 9. Bd3 Qa5 10. O-O cxd4 11. cxd4 Bd7 12. Rab1 Rb8 13. Qh4 Ng6 14. Bxg6 fxg6 15. Rb3 Qxa2 16. Bh6 Qxc2 17. Qf6+ Ke8 18.
Qxg7 Kd8 19. Rfb1 Re8 20. h4 Qf5 21. Rxb7 Rxb7 22. Rxb7 Re7 23. Bg5 Kc8 24. Bxe7 Kxb7 25. Bd6 Kc8 26. Qxh7 Qb1+ 27. Kh2 Qe4 28. Qg8+ Kb7 29.
Qf7 Kc8 30. g3 a5 31. Ng5 Qf5 32. Qxf5 exf5 33. e6 Be8 34. Nf3 a4 35. Bc5 Na5 36. Nd2 Nc4 37. Nxc4 dxc4 38. d5 Kc7 39. d6+ Kc6 40.
Ba3 c3 41. d7 Bxd7 42. exd7 Kxd7 43. Kg2 Kc6 44. f3 Kd5 45. g4 fxg4 46. fxg4 Kc4 47. h5 gxh5 48. gxh5 Kb3 49. Bc1 Kc2 50. Ba3 Kb3 51. Bc5 c2 52. Be3 Kb2 53. h6 c1=Q 54.
Bxc1+ Kxc1 55. h7 a3 56. h8=Q a2 57. Qa1+ Kc2 58. Qxa2+ Kc3 59. Qf2 Kc4 60. Qf3 Kc5 61.
Kg3 Kd6 62. Qf4+ 1-0